Get step-by-step instructions on how to execute this build order below. Start the game timer, and the build order will tick by so you can play in parallel with StarCraft on a second screen or mobile device.

Game Time

  0:00

Last Step

  N/A

Next Step

Upcoming Step



Don't want to look back and forth between 2 screens? Try out our Overwolf App, the Spawning Tool Build Advisor to get an in-game overlay with this build!

Complete Build Order

  12  0:00  Probe  
  13  0:12  Probe  
  14  0:17  Pylon  
  14  0:24  Probe  
  15  0:32  Probe  
  15  0:37  Gateway  
  15  0:40  Probe  
  16  0:47  Assimilator  
  17  0:51  Probe  
  18  0:59  Probe  
  19  1:07  Probe  
  20  1:21  Nexus  
  20  1:31  Cybernetics Core  
  20  1:34  Probe  
  20  1:39  Assimilator  
  21  1:46  Probe  
  22  1:49  Pylon  
  22  1:58  Stalker, Probe  
  23  2:08  Warp Gate  
  25  2:10  Probe  
  26  2:17  Twilight Council  
  26  2:22  Probe  
  27  2:27  Stalker  
  29  2:30  Probe  
  29  2:32  Blink  
  29  2:34  Probe  
  31  2:38  Probe  
  32  2:46  Probe  
  32  2:50  Probe  
  33  2:54  Pylon  
  34  3:01  Stalker  
  34  3:03  Probe  
  37  3:05  Probe  
  38  3:15  Probe  
  38  3:18  Probe  
  40  3:23  Gateway  
  40  3:24  Gateway  
  40  3:27  Probe  
  40  3:30  Probe  
  42  3:37  Pylon  
  42  3:39  Probe  
  43  3:42  Robotics Facility  
  43  3:45  Probe  
  44  3:54  Probe  
  45  3:56  Assimilator  
  45  3:57  Probe, Assimilator  
  46  4:06  Probe  
  46  4:07  Pylon  
  47  4:12  Stalker  
  49  4:17  Stalker  
  49  4:19  Stalker  
  49  4:22  Probe x2  
  55  4:30  Observer  
  56  4:34  Probe  
  56  4:35  Probe, Stalker  
  60  4:41  Stalker  
  60  4:43  Stalker  
  60  4:44  Pylon  
  64  4:51  Nexus  
  64  4:54  Charge  
  64  5:05  Forge x2  
  64  5:07  Probe  
  64  5:08  Probe  
  64  5:10  Pylon  
  64  5:12  Sentry x3  
  72  5:16  Protoss Ground Weapons Level 1  
  72  5:17  Protoss Ground Armor Level 1  
  72  5:18  Observer  
  73  5:22  Probe x2  
  73  5:25  Pylon  
  75  5:34  Probe x2  
  77  5:46  Probe x2  
  77  5:47  Stalker x3  
  85  5:52  Pylon  
  85  5:54  Pylon  
  85  5:58  Probe  
  85  5:59  Probe  
  87  6:05  Probe  
  87  6:10  Probe  
  89  6:15  Probe  
  89  6:18  Probe  
  89  6:23  Probe  
  90  6:27  Probe  
  90  6:30  Probe  
  90  6:31  Zealot x3  
  97  6:35  Probe  
  98  6:43  Probe, Protoss Ground Armor Level 2  
  99  6:47  Nexus  
  99  6:48  Pylon, Protoss Ground Weapons Level 2  
  99  6:54  Gateway x2  
  99  6:56  Gateway  
  99  6:58  Gateway  
  99  7:00  Probe x3  
  102  7:01  Gateway  
  102  7:03  Gateway  
  102  7:04  Zealot x3  
  102  7:07  Gateway  
  108  7:12  Pylon, Templar Archives  
  108  7:24  Zealot x3  
  114  7:31  Pylon x2  
  114  7:33  Pylon  
  114  7:34  Pylon  
  114  7:35  Probe  
  114  7:36  Probe x2  
  117  7:46  Zealot x3  
  117  7:49  Warp Prism  
  125  7:55  Pylon  
  125  7:56  Pylon  
  125  7:59  Pylon  
  125  8:05  Zealot x6  
  137  8:07  High Templar x4  
  137  8:12  Archon  
  144  8:13  Archon  
  144  8:14  Assimilator  
  144  8:15  Probe x4  
  144  8:19  Photon Cannon  
  148  8:22  Assimilator  
  148  8:31  Robotics Facility  
  148  8:32  Robotics Bay  
  148  8:37  Pylon  
  148  8:38  High Templar  
  148  8:39  Zealot x2, High Templar  
  148  8:40  Zealot  
  158  8:43  Archon  
  158  8:47  Zealot x3  
  164  9:01  Zealot x5